 Dungeon Crawl Stone Soup version 0.29-a0-11-ga75d3d97ab (webtiles) character file.

Game seed: 942838709936597563

30 lonewolfV2 the Chopper (level 3, 0/33 HPs)
             Began as a Minotaur Berserker on Jan 28, 2022.
             Was a Believer of Trog.
             Succumbed to a goblin's poison
             ... on level 1 of the Dungeon.
             The game lasted 00:01:32 (610 turns).

lonewolfV2 the Chopper (Minotaur Berserker)          Turns: 610, Time: 00:01:33

Health: 0/33       AC:  4    Str: 23    XL:     3   Next: 5%
Magic:  2/2        EV: 12    Int:  4    God:    Trog [**....]
Gold:   34         SH:  0    Dex:  9    Spells: 2/2 levels left

rFire   + . .      SeeInvis .   a - +0 hand axe
rCold   + . .      Faith    .   (no shield)
rNeg    . . .      Spirit   .   b - +0 animal skin
rPois   +          Reflect  .   (helmet restricted)
rElec   +          Harm     .   (no cloak)
rCorr   +          Rampage  .   e - +1 pair of gloves
Will    .....                   (no boots)
Stlth   +.........              (no amulet)
HPRegen 0.11/turn               (no ring)
MPRegen 0.08/turn               (no ring)

@: mighty, lethally poisoned (0 -> -3), resistant
A: horns 2, retaliatory headbutt
a: Renounce Religion, Berserk, Trog's Hand


You were on level 1 of the Dungeon.
You worshipped Trog.
Trog was pleased with you.
You visited 1 branch of the dungeon, and saw 1 of its levels.

You collected 34 gold pieces.

Inventory:

Hand Weapons
 a - a +0 hand axe (weapon)
Armour
 b - a +0 animal skin (worn)
 e - a +1 pair of gloves (worn)
Jewellery
 d - a ring of magical power
Potions
 c - a potion of might


   Skills:
 + Level 4.1 Fighting
 + Level 4.3 Axes
 + Level 2.8 Armour
 + Level 2.4 Dodging
 + Level 0.1 Stealth


You had 2 spell levels left.
You didn't know any spells.
Your spell library was empty.

Dungeon Overview and Level Annotations

Branches:
Dungeon (1/15)

Altars:


Innate Abilities, Weirdness & Mutations

You have a pair of horns on your head.
You reflexively headbutt those who attack you in melee.


Message History

You are lethally poisoned!
You hit the goblin. Your headbutt misses the goblin.
The goblin is severely wounded.
You feel very sick. The goblin misses you.
You hit the goblin.
You kill the goblin!
Trog accepts your kill.
* * * LOW HITPOINT WARNING * * *
You feel very sick.
* * * LOW HITPOINT WARNING * * *
You feel sick.
You see here a +1 dagger of venom.
* * * LOW HITPOINT WARNING * * *
You feel sick.
It was a potion of might.
You feel very mighty all of a sudden.
* * * LOW HITPOINT WARNING * * *
You feel sick.
It was a potion of resistance.
You feel protected.
* * * LOW HITPOINT WARNING * * *
You feel sick.
You slash the dart slug!
You kill the dart slug!
Trog accepts your kill.
You can now call upon Trog for regeneration and willpower.
* * * LOW HITPOINT WARNING * * *
You feel sick.
You have reached level 3!
Your experience leads to an increase in your attributes!
Increase (S)trength, (I)ntelligence, or (D)exterity?
You feel stronger. x2
There is a lethal amount of poison in your body!
There is a lethal amount of poison in your body!
There is a lethal amount of poison in your body!
There is a lethal amount of poison in your body!
Okay, then.
You aren't carrying any scrolls.
You die...

.)......# #..# ####.... ).#######
###..# ###.. .## ##....# #.. .#
###..#..###### ### .#
##............# ##
###..#$..)......#
######...##..........#
....##.####....).....### ....##.#
#.....@......# ....##.#
#..........#.. )...##.#
#..........# .......#
#..........# .....###
#..........# .....# #..........#
####.#################
#........########################
#.............>.................#


There were no monsters in sight!

Vanquished Creatures
  A dart slug (D:1)
  4 bats (D:1)
  2 endoplasms (D:1)
  2 giant cockroaches (D:1)
  3 hobgoblins (D:1)
  4 kobolds (D:1)
  4 ball pythons (D:1)
  4 goblins (D:1)
  2 rats (D:1)
26 creatures vanquished.

Notes
Turn   | Place    | Note
-------+----------+-------------------------------------------
     0 | D:1      | lonewolfV2 the Minotaur Berserker began the quest for the
                  | Orb.
     0 | D:1      | Reached XP level 1. HP: 19/19 MP: 0/0
   221 | D:1      | Reached XP level 2. HP: 24/27 MP: 1/1
   609 | D:1      | Reached ** piety under Trog
   609 | D:1      | HP: 1/27 [poisoned by a goblin]
   610 | D:1      | Reached XP level 3. HP: 1/33 MP: 2/2
   610 | D:1      | Succumbed to a goblin's poison

Illustrated notes

Levels and vault maps discovered:
D:1:      dpeg_arrival_rooms_b, layout_rooms

Skill      XL: |  1  2 |
---------------+-------+-----
Axes           | 4 |  4.3
Fighting       | 4 |  4.1
Armour         | |  2.8
Dodging        | |  2.4
Stealth        | |  0.1

Action                   || total
-------------------------++-------
Melee: Hand axe          ||    48
       Headbutt          ||     6
  Use: Scroll            ||     1
       Potion            ||     2
Armor: Animal skin       ||    24
Dodge: Dodged            ||    40

Table legend: (Time is in decaauts)
 A = Elapsed time spent in this place.
 B = Non-inter-level travel time spent in this place.
 C = Inter-level travel time spent in this place.
 D = Time resting spent in this place.
 E = Time spent auto-exploring this place.
 F = Levels seen in this place.
 G = Mean time per level.
                   A        B        C        D        E       F      G
               +--------+--------+--------+--------+--------+-----+--------+
         Total |    614 |    614 |      0 |      0 |    430 |   1 |  614.0 |
       Dungeon |    614 |    614 |      0 |      0 |    430 |   1 |  614.0 |
               +--------+--------+--------+--------+--------+-----+--------+

Top non-repeatable levels by time:
     D:1: 614 daAuts
